 Dungeon Crawl Stone Soup version 0.26-a0-1181-gd376ed14c5 (webtiles) character file.

Game seed: 3200574404313071556

4737 Mesmaeker13 the Quickloader (level 10, 0/94 HPs)
             Began as a Deep Dwarf Hunter on Dec 26, 2020.
             Was a Believer of Makhleb.
             Slain by an orc warrior
             ... wielding a +0 trident
              (24 damage)
             ... in a bailey.
             The game lasted 00:23:12 (8162 turns).

Mesmaeker13 the Quickloader (Deep Dwarf Hunter)     Turns: 8162, Time: 00:23:12

Health: 0/94       AC: 11    Str: 17    XL:     10   Next: 22%
Magic:  6/6        EV: 11    Int: 12    God:    Makhleb [**....]
Gold:   343        SH:  4    Dex: 13    Spells: 9/9 levels left

rFire    + . .     SeeInvis .   M - +1 demon blade (elec)
rCold    . . .     Faith    .   f - +0 buckler
rNeg     . . .     Spirit   .   w - +0 scale mail
rPois    .         Reflect  .   u - +0 helmet
rElec    .         Harm     .   h - +0 cloak
rCorr    +         Rampage  .   (no gloves)
Will     ++...                  b - +0 pair of boots
Stlth    ..........             (no amulet)
HPRegen  0.00/turn              i - ring of resist corrosion
MPRegen  0.10/turn              A - ring of Discretion {+Fly rF+ Will+ Str-2 Slay+3}

@: mighty, non-regenerating, hasted, studying Shields, very quick
A: damage resistance, heal wounds, sense surroundings 2, no regeneration
a: Heal Wounds, Renounce Religion, Evoke Flight, Minor Destruction


You were in a bailey.
You worshipped Makhleb.
Makhleb was pleased with you.
You visited 2 branches of the dungeon, and saw 10 of its levels.
You also visited: Ossuary and Bailey.

You collected 343 gold pieces.

Inventory:

Hand Weapons
 a - a +1 hand crossbow
 o - a +2 dagger of flaming
 t - a +0 dagger of venom
 y - a +0 war axe
 M - a +1 demon blade of electrocution (weapon)
Missiles
 d - 315 bolts
 x - 3 silver javelins (quivered)
 K - 3 throwing nets
Armour
 b - a +0 pair of boots (worn)
 f - a +0 buckler (worn)
 h - a +0 cloak (worn)
 u - a +0 helmet (worn)
 w - a +0 scale mail (worn)
Jewellery
 i - a ring of resist corrosion (left hand)
 A - the ring of Discretion (right hand) {+Fly rF+ Will+ Str-2 Slay+3}
   (You found it on level 5 of the Dungeon)

   [ring of flight]

   It affects your strength (-2).
   It affects your accuracy and damage with ranged weapons and melee attacks
   (+3).
   It protects you from fire.
   It affects your willpower, your defense against some magical effects.
   It lets you fly.
Wands
 F - a wand of paralysis (5)
Scrolls
 c - 2 scrolls of fear {unknown}
 g - 4 scrolls of enchant armour
 j - 2 scrolls of random uselessness {unknown}
 k - 4 scrolls of amnesia
 l - 2 scrolls of blinking
 n - 6 scrolls of teleportation
 q - 5 scrolls of remove curse
 B - a scroll of torment {unknown}
 G - a scroll of enchant weapon {unknown}
 I - a scroll of magic mapping {unknown}
 J - a scroll of brand weapon {unknown}
Potions
 e - 4 potions of might
 m - a potion of brilliance {unknown}
 p - 4 potions of curing
 r - a potion of invisibility {unknown}
 s - 2 potions of heal wounds {unknown}
 v - 5 potions of attraction {unknown}
 z - 2 potions of ambrosia {unknown}
 C - a potion of degeneration {unknown}
 E - 2 potions of haste
 L - a potion of lignification {unknown}
Books
 D - a manual of Shields


   Skills:
 + Level 7.4 Fighting
 + Level 1.9 Long Blades
 - Level 1.4 Axes
 + Level 9.7 Crossbows
 - Level 7.0 Armour
 - Level 4.0 Dodging
 - Level 1.2 Stealth
 + Level 3.1 Shields
 + Level 4.9 Invocations
 + Level 4.9 Evocations


You had 9 spell levels left.
You didn't know any spells.
Your spell library contained the following spells:

 Spells                   Type           Power        Failure   Level
 Magic Dart               Conj           0%           73%         1
 Sandblast                Erth           0%           73%         1
 Blink                    Tloc           N/A          86%         2
 Call Imp                 Summ           0%           86%         2
 Passwall                 Tmut/Erth      0%           86%         2
 Slow                     Hex            0%           86%         2
 Confusing Touch          Hex            0%           97%         3
 Conjure Flame            Conj/Fire      0%           97%         3
 Gell's Gravitas          Tloc           0%           97%         3
 Mephitic Cloud           Conj/Pois/Air  0%           97%         3
 Stone Arrow              Conj/Erth      0%           97%         3
 Petrify                  Tmut/Erth      0%           100%        4
 Lee's Rapid Deconstruct  Erth           0%           100%        5
 Metabolic Englaciation   Hex/Ice        0%           100%        5
 Yara's Violent Unravell  Hex/Tmut       0%           100%        5


Dungeon Overview and Level Annotations

Branches:
Dungeon (9/15)             Temple (1/1) D:7         Ossuary (visited)
 Bailey (1/1)
   Lair: D:8-11         Orc: D:9-12

Altars:
Ashenzari
Cheibriados
Dithmenos
Elyvilon
Gozag
Hepliaklqana
Kikubaaqudgha
Makhleb
Nemelex Xobeh
Okawaru
Qazlal
Ru
Sif Muna
Trog
Vehumet
Wu Jian
Xom
Yredelemnul
The Shining One


Innate Abilities, Weirdness & Mutations

You are resistant to damage.
You can heal yourself by infusing magical energy.
You passively map the area around you.
You do not regenerate.


Message History

The orc warrior is almost dead.
The helpless orc warrior fails to defend itself.
You slash the orc warrior!
You kill the orc warrior!
Makhleb accepts your kill. The orc warrior closely misses you.
You block the orc knight's attack.
The orc warrior hits you from afar with a +0 trident!
Evoke which item? (* to show all) (? for menu, Esc to quit)
Aiming: Paralyse
Press: ? - help, Shift-Dir - straight line, f - orc knight
Aim: an orc knight, wielding a +0 glaive and wearing a +0 plate armour (lightly wounded, chance to affect: 43%)
The orc knight suddenly stops moving!
Unknown command.
The orc warrior hits you with a +0 trident!!
* * * LOW HITPOINT WARNING * * *
The helpless orc knight fails to defend itself.
You slice the orc knight!!
The orc knight is heavily wounded.
The orc warrior hits you with a +0 trident!!
You die...

.......##.).....##...............
......##..#'#'#..##..............
......#..##.#)##..#..............
.....##.#########.##.............
.....##.')#?.o#)'.##.............
.....##.###.8.###.##.............
.....##.')#.o.#)'.##.............
.....##.####o####.##.............
.....##..##∩.o##@o#..............
.........##'''#o.##..............
.........##...o.##...............
≈≈≈≈.....##....##....≈≈≈≈≈.......
#)#)≈....#######....≈.#.#≈≈......
#.∩#≈...............≈#∩.##≈......
.^..≈...............≈).^..≈......
#.##≈...............≈##.##≈......
#.#≈≈...............≈≈#.#≈≈......


You could see an orc knight (paralysed) and 2 orc warriors.

Vanquished Creatures
  4 yaks
  Eustachio (D:6)
  9 orc warriors
  2 ice beasts
  2 phantoms (D:7)
  An ogre (D:5)
  A centaur (D:5)
  A necrophage (D:6)
  Blork the orc (D:5)
  2 bullfrogs
  An elf zombie (Ossuary)
  2 scorpions
  2 howler monkeys
  8 wights
  2 centaur zombies
  An electric eel (D:8)
  A bullfrog zombie (D:6)
  2 human zombies (Ossuary)
  A jelly (D:5)
  2 centaur skeletons
  6 orc priests
  Crazy Yiuf (D:7)
  A gnoll shaman (D:7)
  4 hounds
  9 orc wizards
  An iguana (D:8)
  5 worker ants
  2 big kobold zombies (Ossuary)
  A hound zombie (D:5)
  A hound skeleton (D:7)
  2 mummies (Ossuary)
  A worker ant zombie (D:9)
  Robin (D:3)
  7 adders
  13 gnolls
  A white imp (D:7)
  2 oozes
  An adder zombie (D:9)
  A worm (D:6)
  2 dart slugs (D:3)
  2 leopard geckos
  57 orcs
  6 giant cockroaches
  9 goblins
  8 hobgoblins
  8 jackals
  2 quokkas
  2 ball pythons
  6 bats
  A frilled lizard (D:2)
  A goblin zombie (Ossuary)
  8 hobgoblin zombies (Ossuary)
  3 jackal zombies (Ossuary)
  8 kobolds
  11 kobold zombies (Ossuary)
  6 orc zombies (Ossuary)
  4 rats
  2 rat zombies (Ossuary)
252 creatures vanquished.

Vanquished Creatures (others)
  2 yaks (D:8)
2 creatures vanquished.

Grand Total: 254 creatures vanquished

Notes
Turn   | Place    | Note
-------+----------+-------------------------------------------
     0 | D:1      | Mesmaeker13 the Deep Dwarf Hunter began the quest for the
                  | Orb.
     0 | D:1      | Reached XP level 1. HP: 19/19 MP: 1/1
   360 | D:1      | Reached XP level 2. HP: 26/26 MP: 2/2
  1107 | D:2      | Reached XP level 3. HP: 22/32 MP: 3/3
  1658 | D:3      | Reached skill level 5 in Crossbows
  1702 | D:3      | Reached XP level 4. HP: 21/40 MP: 4/4
  1814 | D:3      | Noticed Robin
  1853 | D:3      | Killed Robin
  2192 | D:3      | Reached XP level 5. HP: 24/49 MP: 4/4
  2522 | D:4      | Reached skill level 1 in Armour
  2597 | D:4      | Reached XP level 6. HP: 33/56 MP: 4/4
  2877 | D:4      | Reached skill level 6 in Crossbows
  3137 | D:5      | Entered Level 5 of the Dungeon
  3195 | D:5      | Reached XP level 7. HP: 38/64 MP: 4/4
  3458 | D:5      | Noticed Blork the orc
  3466 | D:5      | Killed Blork the orc
  3487 | D:5      | Reached skill level 7 in Crossbows
  3625 | D:5      | Got a coiled steel ring
  3636 | D:5      | Identified the ring of Discretion {+Fly rF+ Will+ Str-2
                  | Slay+3} (You found it on level 5 of the Dungeon)
  3911 | D:5      | Reached skill level 5 in Fighting
  3984 | D:5      | Found an ancient bone altar of Kikubaaqudgha.
  4148 | D:6      | Noticed Eustachio
  4443 | D:6      | Killed Eustachio
  4444 | D:6      | Reached XP level 8. HP: 51/73 MP: 5/5
  4482 | D:6      | Found a hazy altar of Hepliaklqana.
  4482 | D:6      | Found a broken altar of Ashenzari.
  4575 | D:6      | Reached skill level 5 in Armour
  4989 | D:6      | Reached skill level 8 in Crossbows
  5496 | D:7      | Found a staircase to the Ecumenical Temple.
  5510 | Temple   | Entered the Ecumenical Temple
  5578 | Temple   | Became a worshipper of Makhleb the Destroyer
  5620 | D:7      | Found a sand-covered staircase.
  5644 | Ossuary  | Entered an ossuary
  5823 | Ossuary  | Reached * piety under Makhleb
  6111 | D:7      | Found a runed translucent door.
  6112 | D:7      | Noticed Crazy Yiuf
  6120 | D:7      | Killed Crazy Yiuf
  6163 | D:7      | Found an opulent altar of Gozag.
  6185 | D:7      | Gained mutation: You passively map the area around you.
                  | [Deep Dwarf growth]
  6185 | D:7      | Reached XP level 9. HP: 44/85 MP: 4/4
  6230 | D:7      | Reached ** piety under Makhleb
  6256 | D:7      | Reached skill level 1 in Invocations
  6256 | D:7      | Reached skill level 1 in Evocations
  6472 | D:7      | Found a bloodstained altar of Trog.
  6472 | D:7      | Found a white marble altar of Elyvilon.
  6619 | D:7      | Found an ornate altar of the Wu Jian Council.
  6819 | D:7      | Reached skill level 9 in Crossbows
  7124 | D:8      | Noticed a death yak
  7124 | D:8      | Noticed a death yak
  7193 | D:8      | Noticed a death yak
  7196 | D:8      | Noticed a death yak
  7210 | D:7      | Reached skill level 1 in Shields
  7364 | D:9      | Reached skill level 1 in Axes
  7586 | D:9      | Reached XP level 10. HP: 65/94 MP: 7/7
  7592 | D:9      | Found a flagged portal.
  7615 | Bailey   | Entered a bailey
  7630 | Bailey   | Reached skill level 1 in Long Blades
  7997 | Bailey   | Reached *** piety under Makhleb
  8135 | Bailey   | Noticed an orc knight
  8162 | Bailey   | Slain by an orc warrior

Illustrated notes

Levels and vault maps discovered:
D:1:      moated_graveyard_arrival, layout_basic, serial_bayou_pond_e
D:2:      layout_basic
D:3:      layout_basic, chequers_serial_rivers_small_a, uniq_robin
D:4:      layout_loops_corners
D:5:      layout_cave_pools, kennysheep_mini_moat, uniq_blork_the_orc
D:6:      layout_loops_ring, gammafunk_temple_overflow_statue,
          serial_co_window_serial, co_window_paths_b, co_window_corner_a,
          co_window_corner_a, co_window_paths_a, co_window_paths_a,
          co_window_broadway_b, co_window_broadway_a, co_window_broadway_b,
          co_window_broadway_b, co_window_unsneaky_path_e, co_window_paths_d,
          co_window_4corner_b, glass_columns_b, glass_columns_c,
          glass_columns_a, glass_columns_b, glass_columns_a, uniq_eustachio
D:7:      layout_loops_ring, nicolae_overflow_hidden_temple,
          chequers_temple_overflow_statue_of_worship,
          minmay_temple_entry_sparse_star, nicolae_ossuary_entry_monument,
          minmay_misc_feat_diagonals, roderic_serpentine_path,
          dk_noncrumbling_4, nicolae_gozag_cash_rules_everything_around_me,
          uniq_crazy_yiuf_cottage
D:8:      argonaut_augean_stables, layout_basic, dpeg_lair_monsters,
          serial_glass, glass_columns_a, glass_columns_c, glass_columns_a,
          glass_columns_a, glass_columns_a, glass_columns_b, glass_columns_a,
          glass_columns_a, feat_on_display, minmay_strange_pillars
D:9:      layout_basic, enter_bailey_2
Temple:   nicolae_temple_elliptical
Bailey:   bailey_polearm_2, bailey

Skill      XL: |  1  2  3  4  5  6  7  8  9 10 |
---------------+-------------------------------+-----
Fighting       | 2 3 4 5 6 7 |  7.4
Dodging        | 3 4 |  4.0
Crossbows      | 5 6 7 8 9 |  9.7
Armour         | 1 2 4 6 7 |  7.0
Invocations    | 4 |  4.9
Evocations     | 4 |  4.9
Shields        | 2 3 |  3.1
Axes           | 1 |  1.4
Long Blades    | 1 |  1.9
Stealth        | |  1.2

Action                   |  1- 3 |  4- 6 |  7- 9 | 10-12 || total
-------------------------+-------+-------+-------+-------++-------
Melee: Short sword       |    40 |       |       |       ||    40
       Dagger            |    32 |   214 |   261 |       ||   507
       Demon blade       |       |       |    39 |    23 ||    62
       War axe           |       |       |    26 |       ||    26
 Fire: Hand crossbow     |    33 |    10 |   203 |    44 ||   290
Throw: Javelin           |       |     2 |       |       ||     2
Invok: Lesser Servant of |       |       |       |     2 ||     2
       Minor Destruction |       |       |       |     1 ||     1
 Abil: Heal Wounds       |       |     3 |     6 |     3 ||    12
Evoke: Wand              |       |       |     8 |     3 ||    11
  Use: Scroll            |     4 |       |     5 |       ||     9
       Potion            |       |       |     1 |     2 ||     3
 Stab: Paralysed         |       |       |     2 |     4 ||     6
Armor: Ring mail         |    29 |    44 |       |       ||    73
       Scale mail        |       |    20 |   150 |    19 ||   189
Dodge: Dodged            |    49 |    98 |   170 |    15 ||   332
Block: Buckler           |       |    12 |    52 |    12 ||    76
       Rpst.: Demon blade |       |       |    11 |     5 ||    16

Table legend: (Time is in decaauts)
 A = Elapsed time spent in this place.
 B = Non-inter-level travel time spent in this place.
 C = Inter-level travel time spent in this place.
 D = Time resting spent in this place.
 E = Time spent auto-exploring this place.
 F = Levels seen in this place.
 G = Mean time per level.
                   A        B        C        D        E       F      G
               +--------+--------+--------+--------+--------+-----+--------+
         Total |   8219 |   7825 |    394 |    587 |   4775 |  12 |  684.9 |
       Dungeon |   7221 |   6853 |    368 |    384 |   4564 |   9 |  802.3 |
        Temple |     95 |     69 |     26 |      0 |     60 |   1 |   95.0 |
       Ossuary |    357 |    357 |      0 |      3 |    151 |   1 |  357.0 |
        Bailey |    544 |    544 |      0 |    200 |      0 |   1 |  544.0 |
               +--------+--------+--------+--------+--------+-----+--------+

Top non-repeatable levels by time:
     D:6: 1290 daAuts
     D:4: 1095 daAuts
     D:2: 950 daAuts
     D:7: 922 daAuts
     D:5: 786 daAuts
     D:3: 743 daAuts
     D:1: 608 daAuts
  Bailey: 544 daAuts
     D:8: 463 daAuts
     D:9: 359 daAuts
 Ossuary: 357 daAuts
  Temple: 95 daAuts
